 Dungeon Crawl Stone Soup version 0.32-a0-422-g28b100f618 (webtiles) character file.

Game seed: 15369300486969707814

224 dialectric the Charlatan (level 6, 0/46 HPs)
             Began as a Coglin Artificer on Feb 21, 2024.
             Slain by an orc
             ... wielding a +0 club
              (2 damage)
             ... on level 4 of the Dungeon.
             The game lasted 00:04:20 (3218 turns).

dialectric the Charlatan (Coglin Artificer)         Turns: 3218, Time: 00:04:21

Health: 0/46       AC: 10    Str: 14    XL:     6   Next: 0%
Magic:  6/6        EV: 12    Int: 11    God:
Gold:   234        SH:  0    Dex: 14    Spells: 5/5 levels left

rFire   . . .        p - +0 falchion (protect) {Choonhe}
rCold   . . .        f - +1 whip (pain) {Gloria}
rNeg    . . .        b - +0 leather armour
rPois   .            (no helmet)
rElec   .            (no cloak)
rCorr   .            (no gloves)
SInv    .            (no boots)
Will    +....        (no amulet)
Stlth   +            (no ring)
HPRegen 0.27/turn    (no ring)
MPRegen 0.10/turn

%: no passive effects
@: under a protective aura, immotile, enlightened, flying, revved
A: off-hand wielding, slow wielding, warmup strikes, legs shutdown
a: Convert to Beogh


You were on level 4 of the Dungeon.
You visited 1 branch of the dungeon, and saw 4 of its levels.
You also visited: Sewer.

You collected 234 gold pieces.

Inventory:

Hand Weapons
 a - a +0 club {Imanvir}
 f - a +1 whip of pain (offhand) {Gloria}
 l - a +0 whip {Somchai}
 p - a +0 falchion of protection (weapon) {Choonhe}
Armour
 b - a +0 leather armour (worn)
Talismans
 k - a maw talisman
Wands
 c - a wand of flame (13) (quivered)
 d - a wand of charming (15)
 e - a wand of iceblast (5)
Scrolls
 g - a scroll of amnesia {unknown}
 h - 3 scrolls of fog {unknown}
 m - a scroll of teleportation {unknown}
 n - a scroll of poison {unknown}
 r - 3 scrolls of noise {unknown}
 u - a scroll of silence {unknown}
 v - a scroll of fear {unknown}
 x - a scroll of enchant weapon {unknown}
 y - a scroll of identify
Potions
 j - 3 potions of might
 o - a potion of heal wounds
 q - a potion of invisibility {unknown}
 s - 2 potions of berserk rage


   Skills:
 + Level 2.7 Fighting
 + Level 1.8 Maces & Flails
 + Level 2.9 Armour
 * Level 2.9 Dodging
 - Level 1.1 Stealth
 - Level 4.3 Evocations


You had 5 spell levels left.
You didn't know any spells.
Your spell library contained the following spells:

 Spells                   Type           Power      Damage    Failure   Level
 Call Canine Familiar     Summ           0%         N/A       78%         3
 Inner Flame              Hex/Fire       0%         N/A       78%         3
 Sigil of Binding         Hex            0%         N/A       78%         3
 Dimensional Bullseye     Hex/Tloc       0%         N/A       99%         4
 Irradiate                Conj/Alch      0%         3d11      100%        5
 Ignition                 Fire           0%         3d3       100%        8


Dungeon Overview and Level Annotations

Branches:
Dungeon (4/15)              Sewer (visited)
 Temple: D:4-7

Altars:

Shops:
D:3 [   D:4 (

Annotations:
D:2 1 runed translucent door, Crazy Yiuf


Innate Abilities, Weirdness & Mutations

You can wield a second weapon in your off-hand.
It takes a long time for you to wield or remove held weapons.
Your first few attacks do less damage.
Attacking and casting redirects power from your legs.


Message History

The orc barely misses you. x2
Unknown command.
You closely miss the orc wizard with your +0 falchion of protection.
The orc wizard is moderately wounded.
You barely miss the orc wizard with your +1 whip of pain.
The orc wizard closely misses you. The hobgoblin closely misses you.
The orc hits you with a +0 club. The orc misses you.
Unknown command.
You barely miss the orc wizard with your +0 falchion of protection.
The orc wizard is moderately wounded.
You completely miss the orc wizard with your +1 whip of pain.
The orc wizard points at you and mumbles some strange words.
You resist with almost no effort. The hobgoblin closely misses you.
The orc hits you with a +0 club. The orc closely misses you.
You hit the orc wizard with your +1 whip of pain.
The orc wizard is heavily wounded.
You barely miss the orc wizard with your +0 falchion of protection.
The orc wizard hits you with a +0 dagger.
The hobgoblin closely misses you. The orc misses you. x2
The orc wizard hits you but does no damage.
The orc hits you with a +0 club. The orc closely misses you.
The hobgoblin hits you but does no damage.
The orc priest shouts, "Beogh offers mercy even to people such as you.
Join us and be reborn!" (press Y on the ability menu to convert to Beogh)
You hit the orc wizard with your +0 falchion of protection.
Your weapon exudes an aura of protection.
The orc wizard is severely wounded.
You closely miss the orc wizard with your +1 whip of pain.
The orc wizard barely misses you. The hobgoblin hits you.
The orc closely misses you.
The orc priest invokes the aid of Beogh against you.
Beogh smites you! The orc misses you.
You hit the orc wizard with your +0 falchion of protection.
You kill the orc wizard!
The orc priest calls down the wrath of Beogh upon you.
Beogh smites you!
* * * LOW HITPOINT WARNING * * *
The hobgoblin hits you but does no damage.
The orc hits you with a +0 club.
You die...

#......∩...# ..
#....#⌠.⌠..#
..##....##....#
........##...##
.......##...##
..##....#.....#
..##....'.....#
......o.#.....#
..##..o@#######
#...g# #...o.
#......
.........
...........
...........?.
..##..........


You could see an orc priest, 2 orcs and a hobgoblin.

Vanquished Creatures
  2 hounds (D:4)
  An orc wizard (D:4)
  A hell rat (Sewer)
  2 adders
  A shadow imp (D:4)
  3 ribbon worms
  4 orcs
  4 ball pythons
  6 endoplasms
  4 giant cockroaches (D:1)
  4 goblins
  3 hobgoblins (D:1)
  3 jackals (D:1)
  4 kobolds
  2 quokkas
  5 bats
  3 frilled lizards
  13 rats
65 creatures vanquished.

Notes
Turn   | Place    | Note
-------+----------+-------------------------------------------
     0 | D:1      | dialectric the Coglin Artificer began the quest for the
                  | Orb.
     0 | D:1      | Reached XP level 1. HP: 15/15 MP: 1/1
     2 | D:1      | Found a faded altar of an unknown god.
    44 | D:1      | Reached skill level 1 in Dodging
    45 | D:1      | Reached skill level 1 in Stealth
    47 | D:1      | Reached XP level 2. HP: 16/21 MP: 2/2
   249 | D:1      | Reached XP level 3. HP: 26/26 MP: 3/3
   955 | D:2      | Reached XP level 4. HP: 16/33 MP: 4/4
  1269 | D:2      | Reached skill level 1 in Maces & Flails
  1624 | D:2      | Found a runed translucent door.
  1625 | D:2      | Noticed Crazy Yiuf
  1951 | D:3      | Found a glowing drain.
  2006 | Sewer    | Entered a sewer
  2080 | Sewer    | Reached XP level 5. HP: 24/38 MP: 5/5
  2219 | D:3      | Found Vatui's Armour Shop.
  3170 | D:4      | Found Folub's Weapon Emporium.
  3205 | D:4      | Reached XP level 6. HP: 46/46 MP: 6/6
  3209 | D:4      | Gained mutation: Your body sometimes deteriorates upon
                  | taking damage. [potion of mutation]
  3209 | D:4      | Lost mutation: Your body sometimes deteriorates upon taking
                  | damage. [potion of mutation]
  3218 | D:4      | HP: 2/46 [orc priest/divine providence (15)]
  3218 | D:4      | Slain by an orc

Illustrated notes

Levels and vault maps discovered:
D:1:      minmay_arrival_five_plusses, layout_basic, basic_ecumenical_altar
D:2:      layout_basic, uniq_crazy_yiuf_cottage
D:3:      layout_loops_corners, cheibrodos_sewer_entry_sluice, serial_shops,
          shop
D:4:      layout_gridville, serial_shops, shop, kennysheep_mini_moat, shop,
          shop_fountains, minmay_liquid_box

Skill      XL: |  1  2  3  4 |
---------------+-------------+-----
Dodging        | 1 2 |  2.9
Stealth        | 1 |  1.1
Armour         | 2 |  2.9
Fighting       | 2 |  2.7
Maces & Flails | 1 |  1.8
Evocations     | |  4.3

Action                     |  1- 3 |  4- 6 || total
---------------------------+-------+-------++-------
  Melee: Club              |    60 |       ||    60
         Whip              |    59 |   128 ||   187
         Falchion          |       |    88 ||    88
  Evoke: Wand              |       |     2 ||     2
    Use: Scroll            |       |     3 ||     3
         Potion            |       |     3 ||     3
   Stab: Sleeping          |     1 |     2 ||     3
 Armour: Leather armour    |    34 |    88 ||   122
  Dodge: Dodged            |    47 |    94 ||   141

Table legend: (Time is in decaauts)
 A = Elapsed time spent in this place.
 B = Non-inter-level travel time spent in this place.
 C = Inter-level travel time spent in this place.
 D = Time resting spent in this place.
 E = Time spent auto-exploring this place.
 F = Levels seen in this place.
 G = Mean time per level.
                   A        B        C        D        E       F      G
               +--------+--------+--------+--------+--------+-----+--------+
         Total |   3259 |   3169 |     90 |     67 |   2530 |   5 |  651.8 |
       Dungeon |   3084 |   2994 |     90 |     67 |   2421 |   4 |  771.0 |
         Sewer |    174 |    174 |      0 |      0 |    109 |   1 |  174.0 |
               +--------+--------+--------+--------+--------+-----+--------+

Top non-repeatable levels by time:
     D:2: 1018 daAuts
     D:3: 919 daAuts
     D:1: 905 daAuts
     D:4: 240 daAuts
   Sewer: 174 daAuts
